 Dungeon Crawl Stone Soup version 0.26-a0-451-gacbe401039 (webtiles) character file.

Game seed: 10942047524319100710

36 Misa the Sneak (level 3, -1/30 HPs)
             Began as a Naga Fire Elementalist on July 28, 2020.
             Slain by Natasha (8 damage)
             ... on level 2 of the Dungeon.
             The game lasted 00:02:37 (1285 turns).

Misa the Sneak (Naga Fire Elementalist)             Turns: 1285, Time: 00:02:38

Health: -1/30      AC:  2    Str: 10    XL:     3   Next: 37%
Magic:  6/6        EV: 10    Int: 16    God:
Gold:   44         SH:  0    Dex: 11    Spells: 5/6 levels left

rFire    . . .     SeeInvis +   m - +0 spear (venom)
rCold    + . .     Faith    .   (no shield)
rNeg     . . .     Spirit   .   a - +0 robe
rPois    +         Reflect  .   (no helmet)
rElec    .         Harm     .   (no cloak)
rCorr    .                      (no gloves)
MR       .....                  (no barding)
Stlth    ++........             (no amulet)
HPRegen  0.10/turn              l - ring of protection from cold
MPRegen  0.10/turn              (no ring)

@: very slow
A: large, see invisible, deformed body, poison resistance, slowness 2, spit
poison 1, AC +1
a: Spit Poison


You were on level 2 of the Dungeon.
You visited 1 branch of the dungeon, and saw 2 of its levels.

You collected 44 gold pieces.

Inventory:

Hand Weapons
 m - a +0 spear of venom (weapon)
Armour
 a - a +0 robe (worn)
Jewellery
 l - a ring of protection from cold (left hand)
Scrolls
 c - a scroll of enchant weapon {unknown}
 d - a scroll of fear {unknown}
 f - 5 scrolls of teleportation {unknown}
 i - a scroll of remove curse {unknown}
 j - a scroll of noise {unknown}
Potions
 b - a potion of brilliance {unknown}
 g - a potion of magic {unknown}
 h - 2 potions of curing {unknown}
 k - a potion of might {unknown}


   Skills:
 + Level 0.8 Fighting
 + Level 2.0 Dodging
 + Level 3.5 Stealth
 + Level 2.2 Spellcasting
 + Level 1.5 Conjurations
 + Level 3.2 Fire Magic


You had 5 spell levels left.
You knew the following spells:

 Your Spells              Type           Power        Failure   Level
a - Foxfire               Conj/Fire      #...         8%          1

Your spell library contained the following spells:

 Spells                   Type           Power        Failure   Level
 Conjure Flame            Conj/Fire      #.......     22%         3
 Inner Flame              Hex/Fire       #.......     30%         3
 Sticky Flame             Conj/Fire      #.......     58%         4
 Fireball                 Conj/Fire      #.........   91%         5


Dungeon Overview and Level Annotations

Branches:
Dungeon (2/15)

Altars:

Annotations:
D:2 Natasha


Innate Abilities, Weirdness & Mutations

You cannot wear boots.
Your serpentine skin is tough. (AC +1)
You have supernaturally acute eyesight. (SInv)
Armour fits poorly on your strangely shaped body.
Your system is resistant to poisons. (rPois)
You cover ground very slowly.
You can spit poison.


Message History

Natasha hisses angrily.
The kobold moves out of view.
Found 9 gold pieces.
You hit Natasha but do no damage.
Natasha is poisoned.
Natasha barely misses you.
You closely miss Natasha. Natasha claws you!
You hit Natasha but do no damage.
Natasha looks as sick as possible!
Natasha is lightly wounded.
Natasha claws you.
You barely miss Natasha.
Natasha is heavily wounded.
Natasha claws you!
You closely miss Natasha.
Natasha is severely wounded.
Natasha barely misses you. Natasha claws you.
* * * LOW HITPOINT WARNING * * *
You hit Natasha but do no damage.
Natasha is severely wounded.
Natasha claws you!
You die...

.$ .. .. .# .# .#
#.# ####h#### #.#
#..@#...# #.#
#.##.##.# #.#
#.##.##.# #.#
#.##.##.# #.#
#.##.##.###.########
#.##................
#.......###.########
####..### #.# # #..#
#.########


You could see Natasha (very poisoned).

Vanquished Creatures
  An ooze (D:2)
  3 dart slugs (D:1)
  A giant cockroach (D:1)
  2 goblins (D:1)
  10 hobgoblins
  A ball python (D:2)
  A bat (D:2)
  A kobold (D:1)
  3 rats
23 creatures vanquished.

Vanquished Creatures (others)
  63 foxfires
63 creatures vanquished.

Grand Total: 86 creatures vanquished

Notes
Turn   | Place    | Note
-------+----------+-------------------------------------------
     0 | D:1      | Misa the Naga Fire Elementalist began the quest for the
                  | Orb.
     0 | D:1      | Reached XP level 1. HP: 15/15 MP: 3/3
   146 | D:1      | Reached XP level 2. HP: 15/24 MP: 0/5
   720 | D:1      | Reached XP level 3. HP: 30/30 MP: 0/6
  1279 | D:2      | Noticed Natasha
  1285 | D:2      | Slain by Natasha

Illustrated notes

Levels and vault maps discovered:
D:1:      matt_arrival_grand_opening, layout_basic,
          minmay_misc_feat_four_crosses, minmay_misc_feat_square
D:2:      layout_loops_ring, uniq_natasha

Skill      XL: |  1  2  3 |
---------------+----------+-----
Dodging        | 2 |  2.0
Fighting       | |  0.8
Stealth        | |  3.5
Spellcasting   | |  2.2
Conjurations   | |  1.5
Fire Magic     | |  3.2

Action                   || total
-------------------------++-------
Melee: Unarmed           ||     5
       Club              ||    10
       Spear             ||     6
 Cast: Foxfire           ||    39
 Abil: Spit Poison       ||     7
 Stab: Sleeping          ||     1
Armor: Robe              ||     3
Dodge: Dodged            ||    16

Table legend: (Time is in decaauts)
 A = Elapsed time spent in this place.
 B = Non-inter-level travel time spent in this place.
 C = Inter-level travel time spent in this place.
 D = Time resting spent in this place.
 E = Time spent auto-exploring this place.
 F = Levels seen in this place.
 G = Mean time per level.
                   A        B        C        D        E       F      G
               +--------+--------+--------+--------+--------+-----+--------+
         Total |   1556 |   1459 |     97 |     74 |   1180 |   2 |  778.0 |
       Dungeon |   1556 |   1459 |     97 |     74 |   1180 |   2 |  778.0 |
               +--------+--------+--------+--------+--------+-----+--------+

Top non-repeatable levels by time:
     D:1: 1143 daAuts
     D:2: 413 daAuts
